Map: Oxide LE

Players

Serral

  • Race: Zerg Zerg
  • League: Grandmaster
  • Spawn Location: 7:00

ShoWTimE - Winner!

  • Race: Protoss Protoss
  • League: Master
  • Spawn Location: 1:00

Event: ASUS ROG Online 2020

VOD

https://youtu.be/_tKrxlE21ps

Description

Time

  • Played on: Nov. 28, 2020, 2:39 p.m.
  • Length: 14:51

All games in this series

Show
View Real Time Build Order
Export as new Build Order

Serral Zerg 

Build Orders: Pool First, Swarm Host 

Get SALT Encoding   

  12  0:00  Drone  
  13  0:12  Overlord  
  13  0:16  Drone  
  14  0:30  Drone x2  
  16  0:36  Drone  
  17  0:44  Spawning Pool  
  17  0:47  Drone  
  17  1:05  Drone  
  18  1:12  Extractor  
  18  1:13  Hatchery  
  18  1:15  Drone  
  17  1:20  Drone  
  18  1:31  Queen  
  18  1:32  Zergling x2  
  21  1:41  Drone  
  22  1:48  Overlord  
  22  2:06  Queen  
  22  2:07  Drone  
  25  2:10  Drone  
  26  2:23  Zergling x2  
  26  2:26  Queen, Drone  
  30  2:32  Metabolic Boost  
  30  2:34  Zergling x2  
  31  2:40  Overlord  
  31  2:41  Drone x3  
  34  2:53  Hatchery  
  34  2:56  Drone  
  34  2:58  Drone  
  35  3:01  Drone  
  35  3:02  Drone  
  37  3:08  Zergling x2  
  37  3:12  Queen  
  40  3:14  Zergling x2  
  40  3:17  Overlord  
  41  3:20  Drone  
  41  3:22  Drone  
  41  3:25  Drone  
  44  3:33  Spore Crawler, Drone  
  44  3:36  Drone x2  
  44  3:40  Overlord  
  46  3:43  Drone  
  46  3:44  Drone x3  
  49  3:52  Overlord, Pneumatized Carapace  
  49  3:57  Overlord  
  49  4:00  Drone x2  
  51  4:06  Queen  
  51  4:08  Spore Crawler x2  
  51  4:09  Drone  
  52  4:12  Drone x2  
  52  4:14  Drone  
  55  4:20  Drone x3  
  55  4:24  Roach Warren  
  57  4:26  Zergling x2  
  57  4:29  Drone x2  
  57  4:30  Drone  
  61  4:34  Drone x3  
  64  4:40  Lair  
  64  4:41  Drone  
  65  4:47  Zergling x2, Extractor  
  65  4:48  Extractor, Drone x3  
  66  4:58  Drone x6  
  66  4:59  Drone  
  72  5:00  Drone  
  73  5:07  Drone  
  74  5:15  Overlord x3, Evolution Chamber  
  74  5:17  Extractor, Overlord  
  74  5:20  Drone x2  
  73  5:24  Overlord  
  73  5:33  Extractor  
  72  5:36  Extractor, Drone x10  
  72  5:41  Glial Reconstitution  
  72  5:42  Zerg Missile Weapons Level 1  
  81  5:43  Drone  
  81  5:47  Drone x2  
  84  5:53  Infestation Pit  
  84  5:54  Overlord  
  84  5:55  Overlord  
  83  6:00  Hatchery  
  83  6:02  Roach  
  83  6:05  Roach x2  
  83  6:09  Roach  
  83  6:10  Zergling x2, Roach  
  91  6:12  Overlord  
  91  6:17  Zergling x4, Roach x2  
  97  6:18  Overseer  
  97  6:21  Overlord  
  97  6:26  Zergling x6  
  97  6:28  Overlord  
  100  6:34  Overlord  
  98  6:48  Swarm Host x7  
  119  6:56  Swarm Host x3  
  118  7:12  Swarm Host x3  
  118  7:15  Roach x4  
  125  7:17  Roach  
  125  7:18  Roach  
  125  7:21  Drone  
  125  7:22  Spine Crawler  
  129  7:23  Drone x3  
  129  7:24  Extractor  
  129  7:25  Roach x2  
  139  7:30  Roach x3  
  139  7:36  Roach x3  
  147  7:38  Ravager  
  147  7:41  Roach x3  
  154  7:46  Roach x2  
  154  7:47  Roach  
  154  7:49  Overlord  
  154  7:50  Overlord  
  160  7:54  Roach x2  
  161  8:01  Swarm Host x2  
  164  8:13  Swarm Host x2  
  164  8:14  Roach  
  164  8:15  Roach x5  
  164  8:18  Overlord x2  
  182  8:21  Overlord  
  182  8:24  Overlord  
  182  8:25  Overlord  
  180  8:34  Overlord x4  
  168  8:36  Queen  
  166  8:43  Roach x4  
  169  8:49  Roach x4  
  169  8:52  Queen  
  168  9:03  Roach  
  168  9:04  Roach x4  
  168  9:09  Queen  
  178  9:11  Queen  
  178  9:14  Zerg Missile Weapons Level 2  
  178  9:16  Ravager  
  178  9:17  Ravager x4  
  187  9:24  Ravager x6  
  191  9:27  Roach x4  
  189  9:39  Roach x5  
  189  9:43  Roach x5  
  195  9:50  Roach x4  
  199  9:55  Ravager  
  200  10:05  Nydus Network  
  199  10:26  Roach  
  197  10:29  Hatchery  
  197  10:30  Roach x2  
  197  10:33  Roach  
  194  10:36  Roach  
  194  10:37  Roach x2  
  194  10:38  Roach  
  194  10:39  Roach x2  
  194  10:41  Nydus Canal  
  200  10:46  Roach  
  200  10:48  Roach x7  
  192  10:50  Roach  
  192  10:51  Roach x3  
  192  10:55  Roach x2  
  185  11:03  Nydus Canal  
  185  11:04  Roach x4  
  193  11:09  Ravager x5  
  198  11:14  Overseer  
  198  11:17  Roach x4  
  179  11:27  Roach x4  
  179  11:30  Zerg Ground Armor Level 1  
  179  11:31  Nydus Canal  
  179  11:32  Extractor  
  186  11:33  Roach x3  
  186  11:38  Roach  
  194  11:42  Roach x2  
  189  11:48  Nydus Canal  
  189  11:49  Roach x5  
  189  11:50  Roach  
  196  11:55  Ravager x2  
  198  12:04  Roach x6  
  198  12:08  Nydus Canal  
  191  12:13  Ravager  
  191  12:14  Ravager  
  191  12:15  Zergling x16  
  200  12:19  Zergling x2  
  200  12:20  Zergling x6  
  200  12:23  Nydus Canal  
  194  12:32  Zergling x2  
  194  12:33  Zergling x14  
  191  12:48  Zergling x18  
  191  12:52  Hatchery  
  191  12:55  Nydus Canal  
  191  12:58  Roach x2  
  158  13:06  Roach  
  158  13:07  Roach  
  158  13:09  Roach x2  
  158  13:10  Roach  
  154  13:19  Roach  
  144  13:22  Roach  
  144  13:24  Roach  
  144  13:25  Roach x2  
  146  13:37  Hatchery  
  146  13:39  Ravager x7  
  152  13:49  Roach x2  
  151  13:59  Roach x3  
  131  14:09  Roach  
  117  14:13  Ravager x5  
  110  14:27  Zergling x6  
Show
View Real Time Build Order
Export as new Build Order

ShoWTimE Protoss - Winner!

Build Orders: 1 Gate Expand, Oracle Opening, Archon Immortal 

Get SALT Encoding   

  12  0:00  Probe  
  13  0:12  Probe  
  14  0:19  Pylon  
  14  0:24  Probe  
  15  0:37  Probe (Chrono Boost)  
  15  0:40  Gateway  
  16  0:46  Probe (Chrono Boost)  
  16  0:49  Assimilator  
  17  0:51  Probe (Chrono Boost)  
  18  1:03  Probe  
  19  1:15  Probe  
  20  1:27  Cybernetics Core  
  20  1:35  Nexus  
  20  1:42  Pylon  
  20  1:44  Probe  
  21  1:50  Assimilator  
  21  1:56  Probe  
  21  2:00  Adept (Chrono Boost)  
  22  2:08  Probe (Chrono Boost)  
  25  2:15  Pylon  
  25  2:19  Probe (Chrono Boost)  
  25  2:21  Shield Battery  
  26  2:23  Adept  
  26  2:24  Probe (Chrono Boost)  
  29  2:34  Probe  
  30  2:37  Stargate  
  30  2:40  Warp Gate  
  30  2:47  Probe (Chrono Boost)  
  32  2:52  Probe (Chrono Boost)  
  32  2:54  Adept  
  34  2:58  Probe (Chrono Boost)  
  34  3:00  Probe (Chrono Boost)  
  36  3:07  Probe  
  36  3:10  Probe  
  36  3:12  Void Ray (Chrono Boost)  
  38  3:13  Gateway  
  38  3:19  Probe  
  39  3:23  Probe  
  44  3:31  Probe  
  45  3:35  Probe  
  45  3:39  Pylon  
  46  3:43  Probe  
  46  3:47  Probe  
  48  3:48  Oracle  
  48  3:53  Assimilator  
  48  3:55  Assimilator  
  51  3:56  Probe (Chrono Boost)  
  53  4:05  Pylon, Probe (Chrono Boost)  
  53  4:07  Probe (Chrono Boost)  
  54  4:12  Probe x2 (Chrono Boost)  
  54  4:16  Pylon  
  56  4:20  Nexus  
  56  4:22  Probe  
  56  4:23  Probe  
  58  4:29  Robotics Facility  
  58  4:34  Adept x2  
  58  4:35  Probe  
  58  4:37  Probe  
  64  4:44  Pylon  
  64  4:47  Forge  
  64  4:48  Probe  
  64  4:49  Probe  
  64  5:00  Probe  
  64  5:01  Probe  
  64  5:06  Twilight Council  
  64  5:07  Sentry  
  64  5:08  Sentry  
  64  5:12  Shield Battery, Probe  
  64  5:13  Probe  
  70  5:15  Protoss Ground Weapons Level 1  
  70  5:16  Observer  
  71  5:24  Probe (Chrono Boost)  
  71  5:26  Probe (Chrono Boost)  
  71  5:28  Gateway x2  
  73  5:34  Probe (Chrono Boost)  
  74  5:36  Probe (Chrono Boost)  
  74  5:38  Probe (Chrono Boost)  
  74  5:39  Immortal  
  81  5:44  Sentry x2, Probe x2 (Chrono Boost)  
  81  5:45  Charge (Chrono Boost), Probe (Chrono Boost)  
  81  5:49  Probe (Chrono Boost)  
  87  5:50  Probe  
  87  5:52  Probe  
  87  5:54  Assimilator  
  90  5:59  Assimilator, Pylon  
  90  6:00  Probe  
  90  6:02  Probe  
  92  6:05  Templar Archives, Probe  
  93  6:11  Gateway  
  93  6:12  Gateway  
  93  6:14  Pylon  
  93  6:17  Immortal (Chrono Boost)  
  93  6:23  Gateway  
  97  6:27  Pylon  
  97  6:30  Gateway  
  97  6:35  Zealot x4  
  105  6:42  Pylon  
  105  6:46  Gateway  
  105  6:50  Gateway  
  105  6:53  Warp Prism (Chrono Boost)  
  103  7:01  High Templar x4  
  101  7:12  Zealot x2  
  101  7:16  Archon x2  
  101  7:17  Zealot  
  101  7:19  Immortal (Chrono Boost)  
  101  7:21  Pylon  
  107  7:22  Shield Battery  
  107  7:25  Shield Battery  
  107  7:26  Zealot, Pylon  
  107  7:27  Protoss Ground Weapons Level 2 (Chrono Boost)  
  109  7:31  Photon Cannon  
  109  7:32  Photon Cannon  
  109  7:33  Shield Battery  
  109  7:38  Zealot x3, High Templar x2  
  109  7:43  Archon  
  119  7:49  Immortal (Chrono Boost)  
  123  7:54  Zealot x3, Pylon  
  129  8:02  Pylon  
  129  8:04  Zealot x2, Pylon, High Templar x2  
  135  8:12  Archon  
  133  8:15  Nexus  
  133  8:17  Pylon  
  133  8:18  Zealot  
  135  8:24  Immortal  
  139  8:31  Zealot x3  
  139  8:32  Zealot  
  141  8:36  Zealot x2  
  141  8:39  Probe x2  
  138  8:43  Zealot x2  
  130  8:48  High Templar x2  
  130  8:53  Archon  
  130  8:57  High Templar x4  
  130  9:01  Archon  
  138  9:03  Archon, Immortal  
  138  9:05  Zealot x4  
  150  9:16  Pylon  
  150  9:17  Pylon  
  150  9:20  Pylon  
  150  9:21  Zealot x2  
  150  9:22  Nexus  
  150  9:24  Pylon  
  154  9:32  Zealot x4  
  154  9:37  Zealot  
  153  9:46  Zealot x4  
  149  9:56  Immortal  
  149  9:59  High Templar x4  
  161  10:00  High Templar  
  161  10:02  High Templar  
  161  10:06  Archon x2  
  165  10:11  Probe x2  
  163  10:21  Archon  
  163  10:25  Zealot x4  
  161  10:34  Sentry x2, Zealot x2  
  161  10:35  Immortal  
  170  10:36  Zealot  
  164  10:43  Probe x2  
  156  10:53  Zealot x5  
  154  10:59  Protoss Ground Weapons Level 3 (Chrono Boost)  
  154  11:00  Probe  
  151  11:08  High Templar  
  151  11:09  Zealot x2, High Templar  
  151  11:10  Probe x2  
  161  11:14  Immortal  
  151  11:28  Probe x2  
  151  11:30  Zealot, High Templar x2  
  151  11:31  Zealot x5  
  151  11:32  Archon  
  161  11:34  Archon  
  158  11:52  Zealot x4  
  158  11:53  Immortal  
  170  12:06  Zealot x6  
  160  12:15  Sentry x3  
  162  12:16  High Templar  
  164  12:27  High Templar x3  
  170  12:31  Archon  
  170  12:32  Archon  
  162  12:37  Zealot x3  
  140  12:55  Zealot x4  
  140  12:56  Immortal  
  130  13:07  Zealot x2  
  130  13:08  Zealot x4  
  134  13:13  Void Ray (Chrono Boost)  
  138  13:30  Nexus  
  138  13:32  High Templar  
  138  13:33  Zealot x6, High Templar  
  138  13:34  Zealot  
  156  13:37  Archon  
  156  13:44  Observer  
  155  13:49  Zealot  
  155  14:01  Zealot x3  
  135  14:20  Zealot x2  
Tags
 
Add a new tag
Caveats
  • Supply blocks, unpowered buildings, or Contaminate may cause inaccurate times.
  • Supply counts are checked every 10 seconds.